 Dungeon Crawl Stone Soup version 0.26-a0-611-g354ed81502 (webtiles) character file.

Game seed: 18158559380362595070

50468 MrRokkomies the Geomancer (level 14, -3/90 HPs)
             Began as an Octopode Earth Elementalist on Sept 6, 2020.
             Was a High Priest of Dithmenos.
             Slain by an orc wizard
             ... wielding a +0 dagger
              (4 damage)
             ... while paralysed by an orc sorcerer
             ... on level 2 of the Orcish Mines.
             The game lasted 01:32:53 (29181 turns).

MrRokkomies the Geomancer (OpEE)                   Turns: 29181, Time: 01:32:53

Health: -3/90      AC:  5    Str:  8    XL:     14   Next: 55%
Magic:  6/26       EV:  2    Int: 40    God:    Dithmenos [*****.]
Gold:   2379       SH:  0    Dex: 18    Spells: 4/29 levels left

rFire    . . .     SeeInvis +   F - +1 short sword (venom)
rCold    . . .     Faith    .   E - +0 buckler
rNeg     . . .     Spirit   .   l - +0 hat
rPois    +         Reflect  +   A - amulet of reflection
rElec    +         Harm     .   c - +6 ring of intelligence
rCorr    +                      C - +6 ring of dexterity (curse)
MR       +....                  H - +6 ring of intelligence
Stlth    +++++++++.             K - ring of flight
HPRegen  0.25/turn              V - +6 ring of intelligence
MPRegen  0.20/turn              D - ring of the Clam {*Drain rElec rPois SInv Stlth+}
                                S - ring of resist corrosion
                                U - +4 ring of protection

@: paralysed, wreathed by umbra, lightly drained
A: almost no armour, stealthy swim, amphibious, 8 rings, constrict 8, camouflage
1, gelatinous body 1
a: Shadow Step, Shadow Form, Renounce Religion, Evoke Flight


You were on level 2 of the Orcish Mines.
You worshipped Dithmenos.
Dithmenos was extremely pleased with you.
You visited 4 branches of the dungeon, and saw 20 of its levels.
You also visited: Ossuary and Gauntlet.

You collected 2859 gold pieces.
You spent 480 gold pieces at shops.

Inventory:

Hand Weapons
 d - a +1 dagger
 u - a +0 fustibalus of venom
 x - a +0 mace of holy wrath
 F - a +1 short sword of venom (weapon)
Missiles
 b - 599 stones
 i - 39 poisoned darts (quivered)
Armour
 l - a +0 hat (worn)
 E - a +0 buckler (worn)
Magical Staves
 T - an uncursed staff of poison
 W - an uncursed staff of conjuration
Jewellery
 c - a +6 ring of intelligence (left tentacle)
 A - an amulet of reflection (around mantle)
 B - an uncursed amulet of guardian spirit {unknown}
 C - a cursed +6 ring of dexterity (right tentacle)
 D - the ring of the Clam (on tentacle) {*Drain rElec rPois SInv Stlth+}
   (You found it on level 6 of the Lair of Beasts)

   [ring of poison resistance]

   It insulates you from electricity.
   It protects you from poison.
   It lets you see invisible.
   It causes draining when unequipped.
   It makes you more stealthy.
 H - a +6 ring of intelligence (on tentacle)
 K - a ring of flight (on tentacle)
 N - an uncursed ring of fire
 P - an uncursed ring of poison resistance
 S - a ring of resist corrosion (on tentacle)
 U - a +4 ring of protection (on tentacle)
 V - a +6 ring of intelligence (on tentacle)
Wands
 p - a wand of paralysis (37)
 s - a wand of flame (38)
 t - a wand of acid (31)
 G - a wand of random effects (29)
 O - a wand of polymorph (3)
Scrolls
 a - 5 scrolls of enchant armour
 g - a scroll of magic mapping
 h - a scroll of fog
 o - 6 scrolls of teleportation
 v - 13 scrolls of remove curse
 y - 2 scrolls of enchant weapon
 X - a scroll of blinking
 Y - a scroll of fear
Potions
 e - 2 potions of stabbing
 f - 2 potions of heal wounds
 j - 3 potions of invisibility
 k - 3 potions of cancellation
 m - 2 potions of might
 n - 5 potions of curing
 q - 3 potions of mutation
 r - 3 potions of brilliance
 w - a potion of berserk rage {unknown}
 z - 2 potions of lignification
 I - a potion of ambrosia
 J - a potion of flight {unknown}
 L - a potion of resistance {unknown}
 M - 4 potions of magic {unknown}
Miscellaneous
 Q - a phial of floods
 R - a lightning rod (4/4)


   Skills:
 * Level 6.6(6.1) Fighting
 + Level 9.0(8.5) Short Blades
 + Level 10.5(10.0) Dodging
 - Level 8.0(7.5) Stealth
 - Level 4.0(3.6) Shields
 - Level 8.0(7.5) Spellcasting
 * Level 5.3(4.9) Conjurations
 - Level 8.0(7.5) Transmutations
 - Level 12.0(11.5) Earth Magic
 - Level 5.0(4.6) Poison Magic
 - Level 8.0(7.5) Invocations


You had 4 spell levels left.
You knew the following spells:

 Your Spells              Type           Power        Failure   Level
a - Sandblast             Erth           ######       1%          1
b - Passwall              Tmut/Erth      #######.     1%          2
c - Petrify               Tmut/Erth      #######.     1%          4
d - Stone Arrow           Conj/Erth      ######       1%          3
e - Lee's Rapid Deconstr  Erth           #######...   1%          5
f - Alistair's Intoxicat  Tmut/Pois      ######...    5%          5
g - Bolt of Magma         Conj/Fire/Erth ######....   7%          5

Your spell library contained the following spells:

 Spells                   Type           Power        Failure   Level
 Magic Dart               Conj           ####         1%          1
 Poisonous Vapours        Pois/Air       ####..       1%          2
 Searing Ray              Conj           ######       1%          2
 Ignite Poison            Fire/Tmut/Pois #####...     1%          3
 Mephitic Cloud           Conj/Pois/Air  #####...     1%          3
 Apportation              Tloc           ###...       2%          1
 Conjure Flame            Conj/Fire      ####....     2%          3
 Dazzling Flash           Conj/Hex       ####..       2%          3
 Leda's Liquefaction      Hex/Erth       ######....   2%          4
 Blink                    Tloc           N/A          3%          2
 Call Imp                 Summ           ###.....     3%          2
 Slow                     Hex            ###.....     3%          2
 Swiftness                Air            ###.....     3%          2
 Confusing Touch          Hex            ###.....     7%          3
 Gell's Gravitas          Tloc           ###.......   7%          3
 Lesser Beckoning         Tloc           ###.......   7%          3
 Ozocubu's Armour         Ice            ###.....     7%          3
 Tukima's Dance           Hex            ###.....     7%          3
 Fulminant Prism          Conj/Hex       ####......   9%          4
 Hailstorm                Conj/Ice       ####....     9%          4
 Iskenderun's Mystic Bla  Conj/Tloc      ####....     9%          4
 Summon Lightning Spire   Summ/Air       ###.....     24%         4
 Blade Hands              Tmut           ######....   3%          5
 Irradiate                Conj/Tmut      ######....   4%          5
 Yara's Violent Unravell  Hex/Tmut       #####.....   14%         5
 Fireball                 Conj/Fire      ####......   24%         5
 Metabolic Englaciation   Hex/Ice        ###.......   54%         5
 Silence                  Hex/Air        ###.......   54%         5
 Conjure Ball Lightning   Conj/Air       ####......   78%         6
 Starburst                Conj/Fire      ####......   78%         6
 Freezing Cloud           Conj/Ice/Air   ####......   88%         6
 Invisibility             Hex            ###.....     98%         6
 Simulacrum               Ice/Necr       ###.......   98%         6
 Ignition                 Fire           ###.......   100%        8
 Shatter                  Erth           #######...   100%        9
 Tornado                  Air            ###.......   100%        9


Dungeon Overview and Level Annotations

Branches:
Dungeon (11/15)            Temple (1/1) D:7            Lair (6/6) D:10
 Shoals (0/4) Lair:2       Spider (0/4) Lair:4        Slime (0/5) Lair:5
    Orc (2/2) D:11            Elf (0/3) Orc:2       Ossuary (visited)
Gauntlet (visited)

Altars:
Ashenzari
Cheibriados
Dithmenos
Elyvilon
Fedhas
Gozag
Hepliaklqana
Kikubaaqudgha
Makhleb
Nemelex Xobeh
Okawaru
Qazlal
Ru
Sif Muna
Trog
Uskayaw
Vehumet
Wu Jian
Xom
Yredelemnul
Zin
The Shining One
Beogh
Jiyva

Shops:
D:4 *   D:10 (   Orc:1 *

Portals:
Abyss: D:9

Annotations:
D:9 2 transporters, Yermak's ghost, novice DDBe
D:11 2 transporters
Lair:2 exclusion: oklob plant
Orc:1 3 runed translucent doors, feta's ghost, journeyman FoAK


Innate Abilities, Weirdness & Mutations

You cannot wear most types of armour.
You are very stealthy in the water. (Stealth+)
You are amphibious.
You can wear up to eight rings at the same time.
You can use your tentacles to constrict eight enemies at once.
Your skin changes colour to match your surroundings (Stealth+).
Your rubbery body absorbs attacks. (AC +1, EV +1)


Message History

The orc sorcerer barely misses you.
An orc wizard comes into view. It is wielding a +0 dagger.
The orc wizard hits you but does no damage.
The warg bites you!
* * * LOW HITPOINT WARNING * * *
The orc sorcerer hits you but does no damage.
The warg bites you!
* * * LOW HITPOINT WARNING * * *
An orc comes into view. It is wielding a +0 hand axe.
The orc wizard casts a spell.
The orc wizard flickers and vanishes for a moment.
The orc wizard hits you with a +0 dagger.
* * * LOW HITPOINT WARNING * * *
The orc sorcerer hits you but does no damage.
You kill the orc sorcerer!
Dithmenos accepts your kill. The warg bites you!
* * * LOW HITPOINT WARNING * * *
The orc wizard hits you with a +0 dagger.
You die...

#.#######.)# #. #. #..#
######. ##o###.#######..######
...... ......................
..... .o....................
...# ##.#.##...............
...# #...........#.........
..# #.....h.o)............ .#
## #.....@).............
###.## ##.....).............
.#...# #...................
....# ##.#................
...## ##..................
.#### #..................
.#..#########.................
......#.#.####................
)..........#.................


You could see a warg, 2 orc wizards and an orc.

Vanquished Creatures
  A minotaur (Gauntlet)
  2 hydras
  3 catoblepae (Lair:6)
  A two-headed ogre (D:10)
  8 death yaks
  A tengu warrior (Gauntlet)
  A glowing orange brain (Gauntlet)
  An orc knight (Orc:1)
  5 orc sorcerers (Orc:2)
  A necromancer (Gauntlet)
  An oklob plant (Lair:3)
  5 ugly things
  5 elephants
  Joseph (D:8)
  3 manticores
  A merfolk siren (Lair:2)
  A torpor snail (Lair:4)
  A black mamba (Lair:6)
  A rime drake (Lair:4)
  10 cane toads
  A kobold demonologist (D:10)
  4 komodo dragons
  2 jumping spiders (Lair:4)
  2 trolls
  A polar bear (Lair:6)
  A hornet (D:9)
  8 blink frogs (Lair:6)
  13 dream sheep (Lair:6)
  10 hippogriffs
  A redback (Lair:3)
  46 yaks
  A vampire (D:11)
  2 wyverns
  5 basilisks
  2 wargs (Orc:2)
  8 water moccasins
  5 porcupines
  2 black bears (D:11)
  2 ice beasts
  6 sky beasts
  A phantom (D:11)
  A necrophage (D:6)
  4 ogres
  13 orc warriors
  6 wolves (Gauntlet)
  4 centaurs
  12 crocodiles
  3 elf zombies (Ossuary)
  15 big kobolds
  17 bullfrogs
  Blork the orc (D:6)
  A gnoll sergeant (D:10)
  A water moccasin zombie (D:7)
  4 elf skeletons (D:6)
  3 scorpions
  3 killer bees (D:7)
  9 wights
  2 howler monkeys (D:9)
  A quasit (D:6)
  A bullfrog zombie (D:11)
  A jelly (D:9)
  3 centaur skeletons
  A human zombie (Ossuary)
  11 orc priests
  A bullfrog skeleton (D:10)
  7 hounds
  3 iguanas
  21 orc wizards
  A human skeleton (D:6)
  7 worker ants
  2 big kobold zombies (Ossuary)
  2 hound zombies (Ossuary)
  2 hound skeletons
  3 mummies (Ossuary)
  2 worker ant zombies
  3 gnolls (D:10)
  8 adders
  A shadow imp (D:7)
  2 white imps
  4 ufetubi
  An ooze (D:6)
  2 adder zombies (Ossuary)
  2 adder skeletons
  4 worms
  4 dart slugs
  9 leopard geckos
  62 orcs
  A ball python (D:1)
  13 bats
  9 giant cockroaches
  A gnoll zombie (Ossuary)
  9 goblins
  12 hobgoblins
  10 jackals
  2 quokkas (D:6)
  13 frilled lizards
  A goblin zombie (Ossuary)
  2 hobgoblin zombies (Ossuary)
  8 jackal zombies (Ossuary)
  19 kobolds
  6 kobold zombies (Ossuary)
  An orc skeleton (D:6)
  An orc zombie (Ossuary)
  4 quokka zombies (Ossuary)
  12 rats
  2 rat zombies (Ossuary)
572 creatures vanquished.

Vanquished Creatures (others)
  23 fungi
  76 plants
  15 toadstools (Lair:2)
  4 withered plants (Gauntlet)
118 creatures vanquished.

Grand Total: 690 creatures vanquished

Notes
Turn   | Place    | Note
-------+----------+-------------------------------------------
     0 | D:1      | MrRokkomies the Octopode Earth Elementalist began the quest
                  | for the Orb.
     0 | D:1      | Reached XP level 1. HP: 11/11 MP: 3/3
   352 | D:1      | Reached XP level 2. HP: 17/17 MP: 3/5
   780 | D:1      | Reached XP level 3. HP: 8/21 MP: 2/6
  1735 | D:2      | Learned a level 2 spell: Passwall
  2021 | D:2      | Reached XP level 4. HP: 13/27 MP: 2/7
  2073 | D:2      | Learned a level 4 spell: Petrify
  2910 | D:3      | Found a glowing golden altar of the Shining One.
  2944 | D:3      | Reached XP level 5. HP: 18/31 MP: 5/8
  3342 | D:3      | Reached skill level 4 in Earth Magic
  3450 | D:3      | Found a shattered altar of Ashenzari.
  4132 | D:4      | Noticed an ogre
  4146 | D:4      | Killed an ogre
  4146 | D:4      | Reached XP level 6. HP: 36/36 MP: 7/10
  4253 | D:4      | Learned a level 3 spell: Stone Arrow
  4368 | D:4      | Found Kyubleys's General Store.
  4773 | D:5      | Entered Level 5 of the Dungeon
  5431 | D:6      | Noticed a sky beast
  5439 | D:6      | Killed a sky beast
  5439 | D:6      | Reached skill level 5 in Stealth
  5439 | D:6      | Reached skill level 5 in Earth Magic
  5439 | D:6      | Reached XP level 7. HP: 41/41 MP: 6/11
  5486 | D:6      | Noticed Blork the orc
  5500 | D:6      | Killed Blork the orc
  5509 | D:6      | Reached skill level 5 in Dodging
  5614 | D:6      | Found a sand-covered staircase.
  5632 | Ossuary  | Entered an ossuary
  6137 | Ossuary  | Reached XP level 8. HP: 25/46 MP: 7/12
  6373 | Ossuary  | Reached skill level 6 in Earth Magic
  7482 | D:6      | Reached skill level 7 in Earth Magic
  7528 | D:6      | Reached XP level 9. HP: 51/51 MP: 10/13
  7652 | D:6      | Found a sparkling altar of Nemelex Xobeh.
  9138 | D:7      | Found a staircase to the Ecumenical Temple.
  9146 | Temple   | Entered the Ecumenical Temple
  9368 | Temple   | Became a worshipper of Dithmenos the Shadowed
  9703 | D:8      | Reached skill level 8 in Earth Magic
 10067 | D:8      | Reached skill level 1 in Shields
 10446 | D:8      | Noticed Joseph
 10452 | D:8      | Killed Joseph
 10452 | D:8      | Reached skill level 1 in Short Blades
 10452 | D:8      | Reached XP level 10. HP: 55/56 MP: 9/14
 11119 | D:9      | Found a transporter.
 11132 | D:9      | Reached skill level 5 in Transmutations
 11210 | D:9      | Reached * piety under Dithmenos
 11231 | D:9      | Reached skill level 9 in Earth Magic
 11359 | D:9      | Noticed Yermak's ghost (novice DDBe)
 11370 | D:9      | Noticed a toenail golem
 11371 | D:9      | Noticed a rust devil
 11375 | D:9      | Identified the +9 flail of Fixation {distort, rElec Str-3
                  | Int+4 Dex+3}
 11375 | D:9      | Noticed a skeletal warrior
 11376 | D:9      | Found a one-way gate to the infinite horrors of the Abyss.
 11380 | D:9      | Noticed a thrashing horror
 11479 | D:9      | Found a transporter.
 11648 | D:9      | Found a shimmering altar of Xom.
 11648 | D:9      | Found an iron altar of Okawaru.
 11746 | D:9      | Noticed a hell hog
 11807 | D:9      | Learned a level 5 spell: Lee's Rapid Deconstruction
 11828 | D:10     | Entered Level 10 of the Dungeon
 12153 | D:10     | Noticed a two-headed ogre
 12170 | D:10     | Killed a two-headed ogre
 12914 | D:10     | Found Macomnap's Antique Weapon Shop.
 13087 | D:10     | Reached ** piety under Dithmenos
 13394 | D:10     | Reached skill level 10 in Earth Magic
 13394 | D:10     | Reached XP level 11. HP: 47/61 MP: 15/15
 13746 | D:10     | Found a staircase to the Lair.
 13826 | Lair:1   | Entered Level 1 of the Lair of Beasts
 15239 | Lair:2   | Found a blossoming altar of Fedhas.
 15629 | Lair:2   | Reached skill level 10 in Dodging
 15645 | Lair:2   | Reached skill level 5 in Short Blades
 15907 | Lair:2   | Reached skill level 11 in Earth Magic
 16408 | Lair:2   | Found a staircase to the Shoals.
 16521 | Lair:2   | Noticed an oklob plant
 17450 | Lair:3   | Reached *** piety under Dithmenos
 17458 | Lair:3   | Reached XP level 12. HP: 66/66 MP: 6/18
 17954 | Lair:4   | Noticed a five-headed hydra
 18009 | Lair:4   | Killed a five-headed hydra
 18009 | Lair:4   | Reached skill level 5 in Spellcasting
 18702 | Lair:4   | Reached skill level 12 in Earth Magic
 18717 | Lair:4   | Learned a level 5 spell: Alistair's Intoxication
 19011 | Lair:4   | Found a hole to the Spider Nest.
 19013 | Lair:4   | Reached skill level 1 in Invocations
 19554 | Lair:5   | Found a staircase to the Slime Pits.
 19611 | Lair:5   | Found a viscous altar of Jiyva.
 20985 | Lair:6   | Entered Level 6 of the Lair of Beasts
 21150 | Lair:5   | Reached **** piety under Dithmenos
 21165 | Lair:5   | Reached XP level 13. HP: 31/71 MP: 5/23
 21803 | Lair:5   | Reached skill level 1 in Poison Magic
 21803 | Lair:5   | Reached skill level 5 in Invocations
 22774 | Lair:6   | Reached ***** piety under Dithmenos
 23162 | Lair:6   | Reached skill level 1 in Fighting
 24607 | Lair:6   | Reached skill level 1 in Conjurations
 24869 | Lair:6   | Reached skill level 5 in Poison Magic
 25120 | Lair:6   | Reached XP level 14. HP: 31/86 MP: 2/26
 25578 | Lair:6   | Got a smoking silver ring
 25581 | Lair:6   | Identified the ring of the Clam {*Drain rElec rPois SInv
                  | Stlth+} (You found it on level 6 of the Lair of Beasts)
 25797 | D:11     | Found a gate leading to a gauntlet.
 25846 | Gauntlet | Entered a Gauntlet
 25846 | Gauntlet | Found a transporter.
 25911 | Gauntlet | Found a transporter.
 25913 | Gauntlet | Found a transporter.
 25924 | Gauntlet | Found a transporter.
 25932 | Gauntlet | Found a transporter.
 25954 | Gauntlet | Found a transporter.
 25964 | Gauntlet | Found a transporter.
 25974 | Gauntlet | Found a transporter.
 25994 | Gauntlet | Found a transporter.
 25998 | Gauntlet | Found a transporter.
 26009 | Gauntlet | Found a transporter.
 26056 | Gauntlet | Found a transporter.
 26070 | Gauntlet | Found a transporter.
 26109 | Gauntlet | Found a transporter.
 26262 | Gauntlet | Reached skill level 5 in Fighting
 26555 | D:11     | Identified a scroll of acquirement
 26555 | D:11     | Acquired the Incunabulum of Ashen Transformation
 26563 | D:11     | Learned a level 5 spell: Bolt of Magma
 26578 | D:11     | Found an iron altar of Okawaru.
 26786 | D:11     | Found a transporter.
 26843 | D:11     | Found a staircase to the Orcish Mines.
 27193 | D:11     | Found a transporter.
 27692 | Orc:1    | Entered Level 1 of the Orcish Mines
 27824 | Orc:1    | Found a runed translucent gate.
 27825 | Orc:1    | Found a runed translucent gate.
 27839 | Orc:1    | Found a shimmering altar of Xom.
 27976 | Orc:1    | Found a runed translucent gate.
 27977 | Orc:1    | Noticed feta's ghost (journeyman FoAK)
 27981 | Orc:1    | Found a roughly hewn altar of Beogh.
 28135 | Orc:1    | Found Iblitocu's Assorted Antiques.
 28139 | Orc:1    | Bought a torn book for 480 gold pieces
 28164 | Orc:1    | Found a roughly hewn altar of Beogh.
 28427 | Orc:1    | Found the +8 whip "Snakebite" {curare, rPois}
 28491 | Orc:2    | Entered Level 2 of the Orcish Mines
 28779 | Orc:2    | Found a staircase to the Elven Halls.
 28825 | Orc:2    | Reached skill level 5 in Conjurations
 29054 | Orc:2    | Acquired 1410 gold pieces
 29177 | Orc:2    | Paralysed by an orc sorcerer for 7 turns
 29181 | Orc:2    | HP: 1/90 [warg (12)]
 29181 | Orc:2    | Slain by an orc wizard

Illustrated notes

Levels and vault maps discovered:
D:1:      minmay_arrival_split_and_join, layout_basic, minmay_pentomino_t4
D:2:      layout_basic
D:3:      layout_rooms, lemuel_doored_altar, ashenzari_altar_1
D:4:      layout_loops_cross, serial_shops, shop_statue,
          minmay_misc_feat_encased, minmay_starry_boxes
D:5:      layout_cave_pools
D:6:      layout_basic, nemelex_xobeh_ov_fountains_minmay,
          nicolae_ossuary_entry_catacombs, uniq_blork_the_orc
D:7:      layout_basic, minmay_temple_entry_nine_rooms
D:8:      layout_loops_corners, uniq_joseph
D:9:      layout_rooms, gammafunk_temple_overflow_elements,
          gammafunk_ghost_abyssal_escape, minivault_11
D:10:     layout_basic, david_lair_shrubbed, serial_shops, kennysheep_mini,
          special_room [special_room_kobold]
D:11:     gammafunk_cloud_chamber, layout_irregular_city, orc_0_dummy,
          gauntlet_entry_generic, okawaru_ov_weapons_minmay
Temple:   dpeg_five_rooms_temple
Lair:1:   layout_gridlike, serial_bayou_shore_b
Lair:2:   layout_regular_city, minmay_shoals_entry_lonely_mermaid, tgw_fedhas
Lair:3:   layout_loops_ring, st_stairs_12, infiniplex_staircase_pool_2,
          lemuel_fruit_tree
Lair:4:   layout_big_grid, spider_nest_entry_a, serial_bayou_pond_d
Lair:5:   layout_cave_pods, slime_altar_1, grunt_megastairs_4,
          serial_bayou_shore_b
Lair:6:   evilmike_catoblepas_cave, layout_regular_city
Orc:1:    layout_diamond_mine, biasface_ghost_orc_armoury, basic_altar,
          serial_shops, nicolae_shop_stone, mines2_david
Orc:2:    st_orc_town, layout_caves, library_closet

Skill      XL: |  1  2  3  4  5  6  7  8  9 10 11 12 13 14 |
---------------+-------------------------------------------+-----
Stealth        | 3 4 5 6 8 |  8.0
Dodging        | 3 4 5 6 7 8 10 | 10.5
Earth Magic    | 4 5 7 8 10 11 12 | 12.0
Spellcasting   | 3 4 7 8 |  8.0
Transmutations | 2 3 4 6 7 8 |  8.0
Shields        | 2 4 |  4.0
Short Blades   | 1 3 5 7 8 9 |  9.0
Invocations    | 4 8 |  8.0
Poison Magic   | 5 |  5.0
Fighting       | 4 6 |  6.6
Conjurations   | 2 5 |  5.3

Action                   |  1- 3 |  4- 6 |  7- 9 | 10-12 | 13-15 || total
-------------------------+-------+-------+-------+-------+-------++-------
Melee: Unarmed           |    22 |       |       |       |       ||    22
       Constrict         |    23 |    33 |    54 |    72 |    73 ||   255
       Tentacles         |    14 |    23 |    43 |   119 |   119 ||   318
       Dagger            |    60 |   151 |   139 |    34 |       ||   384
       Mace              |       |       |   109 |       |       ||   109
       Short sword       |       |       |       |   440 |   483 ||   923
Throw: Dart              |       |     7 |     2 |     8 |       ||    17
       Stone             |       |     3 |       |       |       ||     3
 Cast: Sandblast         |    20 |    35 |    72 |    52 |     8 ||   187
       Petrify           |       |       |       |    71 |    52 ||   123
       Lee's Rapid Decon |       |       |       |    12 |    32 ||    44
       Stone Arrow       |       |       |       |     3 |    33 ||    36
       Alistair's Intoxi |       |       |       |       |     2 ||     2
Invok: Shadow Step       |       |       |       |     1 |     1 ||     2
Evoke: Wand              |       |       |       |     5 |    12 ||    17
  Use: Scroll            |       |    19 |     3 |     7 |     7 ||    36
       Potion            |       |       |       |     2 |     5 ||     7
 Stab: Sleeping          |     8 |    10 |    22 |    27 |    21 ||    88
       Distracted        |       |     1 |     2 |     1 |       ||     4
       Petrified         |       |       |       |    90 |    62 ||   152
       Petrifying        |       |       |       |    11 |    14 ||    25
Armor: Skin              |    16 |    17 |    12 |     7 |    26 ||    78
Dodge: Dodged            |    78 |   115 |   176 |   311 |   283 ||   963
Block: Other             |       |     1 |    57 |       |       ||    58
       Buckler           |       |       |    11 |   204 |   180 ||   395
       Reflection        |       |       |       |     7 |    10 ||    17

Table legend: (Time is in decaauts)
 A = Elapsed time spent in this place.
 B = Non-inter-level travel time spent in this place.
 C = Inter-level travel time spent in this place.
 D = Time resting spent in this place.
 E = Time spent auto-exploring this place.
 F = Levels seen in this place.
 G = Mean time per level.
                   A        B        C        D        E       F      G
               +--------+--------+--------+--------+--------+-----+--------+
         Total |  29030 |  28098 |    932 |   5834 |  17789 |  22 | 1319.5 |
       Dungeon |  13828 |  13368 |    460 |   1462 |   9711 |  11 | 1257.1 |
        Temple |    271 |    190 |     81 |      0 |    189 |   1 |  271.0 |
          Lair |  11689 |  11359 |    330 |   3508 |   6308 |   6 | 1948.2 |
  Orcish Mines |   1436 |   1376 |     60 |    220 |    826 |   2 |  718.0 |
       Ossuary |   1201 |   1201 |      0 |    435 |    541 |   1 | 1201.0 |
      Gauntlet |    602 |    602 |      0 |    209 |    214 |   1 |  602.0 |
               +--------+--------+--------+--------+--------+-----+--------+

Top non-repeatable levels by time:
  Lair:6: 3334 daAuts
  Lair:5: 2504 daAuts
    D:10: 2180 daAuts
  Lair:3: 1918 daAuts
     D:6: 1789 daAuts
  Lair:2: 1779 daAuts
     D:1: 1724 daAuts
     D:8: 1396 daAuts
    D:11: 1240 daAuts
  Lair:4: 1239 daAuts
 Ossuary: 1201 daAuts
     D:4: 1198 daAuts
     D:2: 1081 daAuts
   Orc:1: 1020 daAuts
     D:7: 1001 daAuts
